 Dungeon Crawl Stone Soup version 0.30.0-10-gfe55d96785 (webtiles) character file.

Game seed: 17874782448780909872

35 qw the Chopper (level 3, -6/23 HPs)
             Began as a Gargoyle Cinder Acolyte on May 17, 2023.
             Was a High Priest of Ignis.
             Mangled by Terence
             ... wielding a +0 trident
              (9 damage)
             ... on level 2 of the Dungeon.
             The game lasted 00:00:37 (1090 turns).

qw the Chopper (Gargoyle Cinder Acolyte)            Turns: 1090, Time: 00:00:38

Health: -6/23      AC: 15    Str: 17 (19) XL:     3   Next: 35%
Magic:  4/4        EV: 10    Int: 11 (14) God:    Ignis [*****.]
Gold:   43         SH:  0    Dex:  4 (5)  Spells: 4/4 levels left

rFire   + . .        Y - -1 hand axe (flame)
rCold   + . .        (no shield)
rNeg    + . .        e - +0 ring mail
rPois   inf          (no helmet)
rElec   +            (no cloak)
rCorr   .            (no gloves)
SInv    .            (no boots)
Will    .....        (no amulet) Stlth
                     i - ring of protection from cold
HPRegen 0.23/turn    (no ring)
MPRegen 0.09/turn

%: no passive effects
@: fiery-armoured
A: sickness immunity, AC +3, negative energy resistance 1, electricity
resistance, torment resistance 1, petrification resistance
a: Renounce Religion, Fiery Armour, Foxfire Swarm, Rising Flame


You were on level 2 of the Dungeon.
You worshipped Ignis.
Ignis was extremely pleased with you.
You visited 1 branch of the dungeon, and saw 2 of its levels.

You collected 43 gold pieces.


Innate Abilities, Weirdness & Mutations

You are immune to sickness and miasma.
Your stone body is resilient. (AC +3)
You are immune to poison.
You resist negative energy. (rN+)
You are resistant to electric shocks. (rElec)
You are resistant to unholy torment.
You are immune to petrification.


   Skills:
 - Level 3.2 Fighting
 + Level 3.9 Axes
 - Level 1.0 Spellcasting
 - Level 3.0 Fire Magic


You had 4 spell levels left.
You didn't know any spells.
Your spell library contained the following spells:

 Spells                   Type           Power      Damage    Failure   Level
 Scorch                   Fire           14%        2d5       26%         2

Inventory:

Hand Weapons
 Y - a -1 hand axe of flaming (weapon)
Armour
 e - a +0 ring mail (worn)
Jewellery
 i - a ring of protection from cold (left hand)
Scrolls
 f - 2 scrolls of vulnerability {unknown}
Potions
 a - 2 potions of attraction {unknown}
 b - a potion of might {unknown}
 c - a potion of haste {unknown}
 d - a potion of curing {unknown}
 g - a potion of flight {unknown}
 h - a potion of ambrosia {unknown}
 k - 2 potions of heal wounds {unknown}

Dungeon Overview and Level Annotations

Branches:
Dungeon (2/15)

Altars:
Dithmenos

Shops:
D:1 =

Annotations:
D:2 Terence


Message History

You miss the quokka.
The quokka bites you but does no damage.
The quokka closely misses you.
You hit the quokka. You burn the quokka.
The quokka is almost dead.
The quokka closely misses you.
You hit the quokka. You burn the quokka.
You kill the quokka!
h - a blue potion
Found a club.
You see here a +0 club.
Terence the Incautious comes into view.
He is wielding a +0 trident.
Terence shouts!
Terence says, "You're history."
A goblin comes into view. It is wielding a +0 dagger.
The goblin shouts!
Terence closely misses you.
The goblin moves out of view.
Terence hits you with a +0 trident.
You hit Terence. You burn Terence.
Terence is moderately wounded.
Terence hits you with a +0 trident.
You barely miss Terence.
Terence is moderately wounded.
Terence misses you.
You hit Terence but do no damage.
Terence is moderately wounded.
Terence hits you with a +0 trident.
1087 ||| INVOKING Fiery Armour.
A protective cloak of flame settles atop you.
Terence barely misses you.
You completely miss Terence.
Terence is moderately wounded.
Terence hits you with a +0 trident.
You hit Terence but do no damage.
Terence is moderately wounded.
Terence barely misses you.
You barely miss Terence.
Terence is moderately wounded.
Terence hits you with a +0 trident!
You die...

#.. .# #.. .#
..###.# ##
...#.## #. .....
#.. #g#.#
#..##@#.#
#.....@.# #
####.##....#.##
..............+
######....####
#.#.## #.### #.#
#.# #
#.###########.###


You could see Terence and a goblin.

Vanquished Creatures
  4 ball pythons
  3 endoplasms
  2 hobgoblins (D:1)
  7 jackals
  4 kobolds (D:1)
  2 quokkas
  4 bats (D:1)
  2 frilled lizards (D:1)
  4 rats (D:1)
32 creatures vanquished.

Notes
Turn   | Place    | Note
-------+----------+-------------------------------------------
     0 | D:1      | qw the Gargoyle Cinder Acolyte began the quest for the Orb.
     0 | D:1      | Reached XP level 1. HP: 14/14 MP: 2/2
     0 | D:1      | 0 ||| qw: Version: 0.2-a-95-g4c1bab1
     0 | D:1      | 0 ||| qw: Game counter: 140
     0 | D:1      | 0 ||| qw: Always use a shield: true
     0 | D:1      | 0 ||| qw: God list: Okawaru
     0 | D:1      | 0 ||| qw: Allow faded altars: false
     0 | D:1      | 0 ||| qw: Do Orc after D:15 true
     0 | D:1      | 0 ||| qw: Do second Lair branch before Depths: true
     0 | D:1      | 0 ||| qw: Lair rune preference: random
     0 | D:1      | 0 ||| qw: Plans: Normal
     0 | D:1      | 0 ||| PLANNING D:1-11
    29 | D:1      | Found Weahial's Jewellery Shop.
    44 | D:1      | 44 ||| SHOPLISTING +6 ring of dexterity (396 gold, have
                  | 11).
    44 | D:1      | 44 ||| SHOPLISTING amulet of regeneration (330 gold, have
                  | 11).
    44 | D:1      | 44 ||| SHOPLISTING ring of fire (275 gold, have 11).
    44 | D:1      | 44 ||| SHOPLISTING ring of ice (275 gold, have 11).
    44 | D:1      | 44 ||| SHOPLISTING ring of resist corrosion (220 gold, have
                  | 11).
    44 | D:1      | 44 ||| SHOPLISTING ring of see invisible (165 gold, have
                  | 11).
    44 | D:1      | 44 ||| SHOPLISTING ring of willpower (275 gold, have 11).
    88 | D:1      | Reached skill level 3 in Axes
   105 | D:1      | 105 ||| Stepping ~*~*~tactically~*~*~ (stealth).
   107 | D:1      | 107 ||| Stepping ~*~*~tactically~*~*~ (stealth).
   115 | D:1      | Reached XP level 2. HP: 15/19 MP: 3/3
   658 | D:1      | Found a faded altar of an unknown god.
   671 | D:1      | Reached XP level 3. HP: 22/23 MP: 4/4
   748 | D:1      | 748 ||| UPGRADING to +0 ring mail.
   758 | D:1      | 758 ||| DROPPING +0 robe.
   759 | D:1      | 759 ||| UPGRADING to ring of protection from cold.
   760 | D:1      | 760 ||| READING scroll labelled VUUCRU TYARIEC.
   761 | D:1      | 761 ||| READING scroll labelled RODOSY YLOR.
   762 | D:1      | 762 ||| DRINKING 2 green potions.
   763 | D:1      | 763 ||| DROPPING potion of degeneration.
   949 | D:2      | 949 ||| Stepping ~*~*~tactically~*~*~ (stealth).
   975 | D:2      | 975 ||| Stepping ~*~*~tactically~*~*~ (stealth).
   976 | D:2      | 976 ||| Stepping ~*~*~tactically~*~*~ (stealth).
  1040 | D:2      | Found a shadowy altar of Dithmenos.
  1080 | D:2      | Noticed Terence
  1087 | D:2      | 1087 ||| INVOKING Fiery Armour.
  1088 | D:2      | HP: 2/23 [Terence/+0 trident (6)]
  1090 | D:2      | Mangled by Terence

Levels and vault maps discovered:
D:1:      dpeg_arrival_line_fractal, layout_rooms, serial_forest,
          infiniplex_forest_lined_3, infiniplex_forest_lined_2,
          infiniplex_forest_clump_double, infiniplex_forest_clump_curved,
          infiniplex_forest_3_way, infiniplex_forest_clump_large,
          infiniplex_forest_lined_room_2, shapermc_ecumenical_altar_notcrosses,
          serial_shops, nicolae_shop_gaudy_bauble, minmay_fountain_box
D:2:      layout_loops_corners, basic_altar, uniq_terence

Skill      XL: |  1 |
---------------+----+-----
Axes           | 3 |  3.9
Fighting       | |  3.2
Spellcasting   | |  1.0
Fire Magic     | |  3.0

Action                     || total
---------------------------++-------
  Melee: Hand axe          ||   114
         Punch             ||     1
 Invoke: Fiery Armour      ||     1
    Use: Scroll            ||     2
         Potion            ||     1
 Armour: Robe              ||    37
         Ring mail         ||    12
  Dodge: Dodged            ||    74

Table legend:
 A = Non-vault XP
 B = Vault XP
 C = Vault XP percentage of total XP
 D = Non-vault monster count
 E = Vault monster count
 F = Vault count percentage of total count
                 A         B        C        D         E       F
            +---------+---------+-------+---------+---------+-------
      Total |      51 |       0 |   0.0 |      32 |       0 |   0.0
            +---------+---------+-------+---------+---------+-------
        D:1 |      40 |       0 |   0.0 |      26 |       0 |   0.0
        D:2 |      11 |       0 |   0.0 |       6 |       0 |   0.0
            +---------+---------+-------+---------+---------+-------
